 Dungeon Crawl Stone Soup version 0.18.1-50-g88ac8fd (webtiles) character file.

11921 grisgris the Covert (level 11, -2/78 HPs)
             Began as a Vampire Enchanter on Oct 9, 2016.
             Was an Elder of Ashenzari.
             Slain by a spiny frog (17 damage)
             ... on level 3 of the Lair of Beasts.
             The game lasted 00:41:41 (12502 turns).

grisgris the Covert (Vampire Enchanter)            Turns: 12502, Time: 00:41:41

Health: -2/78      AC: 10    Str: 15    XL:     11   Next: 55%
Magic:  4/19       EV: 15    Int: 18    God:    Ashenzari [****..]
Gold:   493        SH:  6    Dex: 15    Spells: 4 memorised, 12 levels left

rFire  x . .     SeeInvis +     x - +4 dagger (speed)
rCold  + + .     Gourm    .     b - +2 robe
rNeg   + + .     Faith    .     A - +0 buckler
rPois  +         Spirit   .     i - +0 helmet
rElec  .         Dismiss  .     r - +0 cloak
rCorr  .         Reflect  +     f - +2 pair of gloves
SustAt .         Harm     .     s - +0 pair of boots (curse)
MR     +....     Clarity  +     m - +2 amulet of reflection (curse)
Stlth  +++++++...               o - ring of wizardry (curse)
                                p - ring of ice

@: mighty, about to teleport, regenerating slowly, somewhat resistant to hostile
enchantments, extremely stealthy
A: fangs 3, see invisible, unbreathing
a: Bat Form, Curse Item, Scrying, Renounce Religion


You were on level 3 of the Lair of Beasts.
You worshipped Ashenzari.
Ashenzari was greatly pleased with you.
You were very thirsty.

You visited 3 branches of the dungeon, and saw 12 of its levels.

You collected 493 gold pieces.

Inventory:

Hand Weapons
 a - a +3 dagger
 x - a +4 dagger of speed (weapon)
Armour
 b - a +2 robe (worn)
 f - a +2 pair of gloves (worn)
 i - a +0 helmet (worn)
 r - a +0 cloak (worn)
 s - a cursed +0 pair of boots (worn)
 A - a +0 buckler (worn)
Jewellery
 m - a cursed +2 amulet of reflection (around neck)
 o - a cursed ring of wizardry (right hand)
 p - a ring of ice (left hand)
 D - an uncursed ring of wizardry
Wands
 e - a wand of disintegration (12/24)
 n - a wand of flame (27/48)
 t - a wand of flame (29/48)
 y - a wand of flame (28/48)
 B - a wand of paralysis (9/24)
 F - a wand of random effects (34/48)
Scrolls
 q - a scroll of fog
 u - 2 scrolls of amnesia
Potions
 d - 2 potions of might
 g - a potion of cancellation {unknown}
 k - 3 potions of curing
 l - 2 potions of brilliance
 v - a potion of mutation
 z - a potion of magic
 C - a potion of haste
 E - a potion of resistance
Books
 c - a book of Maledictions

   Spells                             Type                      Level
   a - Corona                         Hexes                        1
   b - Ensorcelled Hibernation        Hexes/Ice                    2
   c - Confuse                        Hexes                        3
   d - Tukima's Dance                 Hexes                        3
   e - Dazzling Spray                 Conjuration/Hexes            3
 h - a book of Minor Magic

   Spells                             Type                      Level
   a - Magic Dart                     Conjuration                  1
   b - Blink                          Translocation                2
   c - Call Imp                       Summoning                    2
   d - Repel Missiles                 Charms/Air                   2
   e - Slow                           Hexes                        2
   f - Conjure Flame                  Conjuration/Fire             3
   g - Mephitic Cloud                 Conjuration/Poison/Air       3
 w - a book of Power

   Spells                             Type                      Level
   a - Fulminant Prism                Conjuration/Hexes            4
   b - Iskenderun's Mystic Blast      Conjuration                  4
   c - Venom Bolt                     Conjuration/Poison           5
   d - Bolt of Magma                  Conjuration/Fire/Earth       5
   e - Iron Shot                      Conjuration/Earth            6
   f - Orb of Destruction             Conjuration                  7
   g - Spellforged Servitor           Conjuration/Summoning        7


   Skills:
 + Level 4.4 Fighting
 + Level 5.5 Short Blades
 + Level 6.1 Dodging
 * Level 13.2 Stealth
 + Level 1.9 Shields
 + Level 5.8 Spellcasting
 + Level 9.7(11.8) Hexes
 + Level 5.7(8.0) Charms
 + Level 4.3(6.5) Translocations
 + Level 5.3(7.6) Ice Magic
 + Level 5.2(7.5) Air Magic


You had 12 spell levels left.
You knew the following spells:

 Your Spells              Type           Power        Failure   Level  Hunger
a - Ensorcelled Hibernat  Hex/Ice        ######       1%          2    None
b - Confuse               Hex            #####...     1%          3    ##.....
c - Repel Missiles        Chrm/Air       ####..       1%          2    None
d - Blink                 Tloc           N/A          1%          2    None


Dungeon Overview and Level Annotations

Branches:
Dungeon (8/15)             Temple (1/1) D:7            Lair (3/8) D:8
  Swamp: Lair:3-6    Shoals: Lair:3-6     Snake: Lair:3-6    Spider: Lair:3-6

Altars:
Ashenzari
Cheibriados
Dithmenos
Elyvilon
Fedhas
Gozag
Kikubaaqudgha
Makhleb
Nemelex Xobeh
Okawaru
Pakellas
Qazlal
Ru
Sif Muna
Trog
Vehumet
Yredelemnul
Zin
The Shining One

Shops:
D:4 %

Annotations:
Lair:3 Harold


Innate Abilities, Weirdness & Mutations

You heal slowly.
You have razor-sharp teeth.
You have supernaturally acute eyesight.
You can survive without breathing.


Message History

Confirm with . or Enter, or press ? or * to list all spells.
Aiming: Confuse
Press: ? - help, Shift-Dir - straight line, f/p - spiny frog
Aim: a spiny frog (lightly wounded, confused, chance to defeat MR: 71%)
The spiny frog struggles to resist.
The spiny frog croaks.
The spiny frog stings you!!
* * * LOW HITPOINT WARNING * * *
The spiny frog stings the hippogriff!
The hippogriff is poisoned.
The spiny frog poisons the hippogriff!
An iguana comes into view.
Drink which item? (? for menu, Esc to quit)
You feel better. The spiny frog barely misses you. x2
Read which item? (? for menu, Esc to quit)
As you read the scroll of teleportation, it crumbles to dust.
You feel strangely unstable. You block the hippogriff's attack.
The hippogriff pecks you but does no damage.
The hippogriff claws you but does no damage.
The spiny frog stings you!
You die...

*# ## *# #* ##.##. ### ##
#.# * .####.##.####.###
#.#..##, *
#..........#..#=##.......
*,
................@........,
................FH.......
,
...........†.............,
,>
...†.....................,
,
..................F..l...
,
.........................
* ,*
................#.....#..
, ................#F.###.
# ,,, ...............##..#
## * *


You could see a hippogriff, 3 spiny frogs and an iguana (wandering).

Vanquished Creatures
  A hydra (Lair:3)
  Nergalle (Lair:1)
  Joseph (Lair:1)
  2 spiny frogs
  5 komodo dragons
  Grinder (D:6)
  A wyvern (Lair:3)
  9 yaks (Lair:2)
  2 hippogriffs (D:8)
  2 basilisks
  6 porcupines
  11 water moccasins
  An ice beast (D:8)
  2 orc warriors
  A phantom (D:7)
  A sky beast (D:8)
  A black bear (Lair:2)
  An ogre (D:5)
  5 centaurs
  4 wolves (Lair:3)
  4 crocodiles
  11 giant frogs
  3 scorpions
  6 killer bees (D:8)
  2 howler monkeys
  3 crimson imps
  2 giant frog zombies
  An orc priest (D:6)
  2 hounds
  A jelly (D:7)
  A giant frog skeleton (D:5)
  3 orc wizards
  8 iguanas
  12 hell rats
  7 worker ants
  7 sheep (Lair:1)
  A hound skeleton (D:4)
  8 gnolls
  12 adders
  27 river rats
  An adder zombie (D:7)
  2 adder skeletons
  A worm (D:2)
  2 dart slugs (D:1)
  6 giant geckos
  34 orcs
  3 giant cockroaches
  11 goblins
  10 hobgoblins
  11 jackals
  6 quokkas
  A ball python (D:3)
  7 bats
  4 giant newts
  4 kobolds
  A quokka skeleton (D:5)
  22 rats
305 creatures vanquished.

Vanquished Creatures (others)
  2 plants (Lair:2)
2 creatures vanquished.

Grand Total: 307 creatures vanquished

Notes
Turn   | Place    | Note
--------------------------------------------------------------
     0 | D:1      | grisgris the Vampire Enchanter began the quest for the Orb.
     0 | D:1      | Reached XP level 1. HP: 13/13 MP: 3/3
   172 | D:1      | Found a shattered altar of Ashenzari.
   235 | D:1      | Reached XP level 2. HP: 14/20 MP: 3/5
   239 | D:1      | Learned a level 2 spell: Ensorcelled Hibernation
   467 | D:1      | HP: 1/20 [gnoll/club (7)]
   480 | D:1      | Reached XP level 3. HP: 3/25 MP: 0/6
   493 | D:1      | Learned a level 3 spell: Confuse
   653 | D:1      | Reached skill level 5 in Stealth
   759 | D:1      | Became a worshipper of Ashenzari the Shackled
  1313 | D:2      | Found an opulent altar of Gozag.
  1503 | D:2      | Reached XP level 4. HP: 31/31 MP: 7/7
  1508 | D:2      | Found a basalt altar of Yredelemnul.
  1508 | D:2      | Found an oddly glowing altar of Pakellas.
  1984 | D:3      | Found a glowing silver altar of Zin.
  1984 | D:3      | Found a white marble altar of Elyvilon.
  1984 | D:3      | Found a glowing golden altar of the Shining One.
  2213 | D:3      | Reached skill level 1 in Fighting
  2424 | D:3      | Reached skill level 1 in Ice Magic
  2471 | D:3      | Reached XP level 5. HP: 37/37 MP: 3/9
  2736 | D:4      | Noticed a centaur
  2743 | D:4      | Killed a centaur
  2743 | D:4      | Reached skill level 6 in Stealth
  2779 | D:4      | Reached * piety under Ashenzari
  2794 | D:4      | Found Gushrior's Food Shoppe.
  2935 | D:4      | Reached XP level 6. HP: 43/43 MP: 7/10
  3010 | D:4      | Found a basalt altar of Yredelemnul.
  3053 | D:4      | Reached skill level 5 in Hexes
  3122 | D:4      | Found a sacrificial altar of Ru.
  3180 | D:4      | Learned a level 2 spell: Blink
  3183 | D:4      | Learned a level 2 spell: Repel Missiles
  3189 | D:4      | Found an iron altar of Okawaru.
  3191 | D:4      | Found an ancient bone altar of Kikubaaqudgha.
  3242 | D:5      | Entered Level 5 of the Dungeon
  3339 | D:5      | Reached skill level 7 in Stealth
  3354 | D:5      | Reached XP level 7. HP: 49/49 MP: 12/12
  3942 | D:5      | Reached skill level 1 in Translocations
  3942 | D:5      | Reached skill level 1 in Air Magic
  4020 | D:5      | Reached skill level 1 in Charms
  4397 | D:6      | Reached ** piety under Ashenzari
  4456 | D:6      | Noticed Grinder
  4489 | D:6      | Killed Grinder
  4489 | D:6      | Reached skill level 8 in Stealth
  4647 | D:6      | Reached XP level 8. HP: 56/56 MP: 13/13
  4865 | D:6      | Found a deep blue altar of Sif Muna.
  5667 | D:6      | Reached skill level 9 in Stealth
  5957 | D:7      | Found a staircase to the Ecumenical Temple.
  6100 | D:7      | Found a bloodstained altar of Trog.
  6283 | D:7      | Found a shadowy altar of Dithmenos.
  6544 | D:7      | Reached XP level 9. HP: 62/62 MP: 15/15
  6803 | D:8      | Reached skill level 10 in Stealth
  7494 | D:8      | Found a staircase to the Lair.
  7943 | D:8      | Reached skill level 11 in Stealth
  8254 | Temple   | Entered the Ecumenical Temple
  8311 | Temple   | Reached *** piety under Ashenzari
  8597 | Lair:1   | Entered Level 1 of the Lair of Beasts
  8597 | Lair:1   | Noticed Joseph
  8600 | Lair:1   | Killed Joseph
  8600 | Lair:1   | Reached skill level 5 in Dodging
  8642 | Lair:1   | Noticed a spiny frog
  8654 | Lair:1   | Reached XP level 10. HP: 70/70 MP: 12/17
  9232 | Lair:1   | Noticed Nergalle
  9239 | Lair:1   | Killed Nergalle
  9239 | Lair:1   | Reached skill level 5 in Spellcasting
  9618 | Lair:1   | Killed a spiny frog
  9841 | Lair:1   | Reached skill level 12 in Stealth
 10699 | Lair:1   | Reached skill level 5 in Short Blades
 10823 | Lair:2   | Reached skill level 5 in Charms
 10966 | Lair:2   | Reached skill level 1 in Shields
 11112 | Lair:2   | Reached **** piety under Ashenzari
 11149 | Lair:2   | Reached XP level 11. HP: 76/76 MP: 19/19
 11683 | Lair:3   | Reached skill level 5 in Ice Magic
 11825 | Lair:3   | Reached skill level 5 in Air Magic
 11863 | Lair:3   | Noticed Harold
 12116 | Lair:3   | Noticed a five-headed hydra
 12128 | Lair:3   | Killed a five-headed hydra
 12128 | Lair:3   | Reached skill level 13 in Stealth
 12502 | Lair:3   | Slain by a spiny frog

Skill      XL: |  1  2  3  4  5  6  7  8  9 10 11 |
---------------+----------------------------------+-----
Stealth        | 5 6 7 8 9 11 12 13 | 13.2
Short Blades   | 2 3 4 5 |  5.5
Fighting       | 1 2 3 4 |  4.4
Ice Magic      | 1 2 3 4 5 |  5.3
Spellcasting   | 3 4 5 |  5.8
Hexes          | 5 6 7 9 |  9.7
Dodging        | 3 4 5 6 |  6.1
Translocations | 1 2 3 4 |  4.3
Air Magic      | 1 2 3 4 5 |  5.2
Charms         | 1 2 4 5 |  5.7
Shields        | 1 |  1.9

Action                   |  1- 3 |  4- 6 |  7- 9 | 10-12 || total
-------------------------+-------+-------+-------+-------++-------
Melee: Dagger            |    76 |    85 |   306 |   214 ||   681
       Bite              |     1 |     1 |    20 |    13 ||    35
 Cast: Corona            |     7 |       |       |       ||     7
       Ensorcelled Hiber |    15 |    19 |    76 |   104 ||   214
       Confuse           |       |     3 |    39 |    18 ||    60
       Blink             |       |       |     2 |       ||     2
Invok: Curse Item        |     1 |     1 |     1 |     1 ||     4
 Abil: End Transformatio |       |       |     1 |       ||     1
       Bat Form          |       |       |     1 |       ||     1
Evoke: Wand              |       |       |     3 |     1 ||     4
  Use: Scroll            |     7 |     4 |     5 |    15 ||    31
       Potion            |     1 |     6 |     3 |     4 ||    14
 Stab: Sleeping          |    29 |    23 |    68 |    93 ||   213
       Confused          |       |     1 |    20 |     6 ||    27
       Distracted        |       |       |     1 |       ||     1
  Eat: Corpse            |       |       |       |     2 ||     2
Armor: Robe              |    15 |    35 |    61 |    17 ||   128
Dodge: Dodged            |    30 |    56 |   171 |    79 ||   336
Block: Other             |       |     1 |    17 |     2 ||    20
       Reflection        |       |       |     1 |       ||     1
       Buckler           |       |       |       |    25 ||    25
